Map: Runling Run 8 - 2020

Players

Slick

  • Race: Zerg Zerg

SneakyFish

  • Race: Zerg Zerg

Viper

  • Race: Protoss Protoss

VOD

Have the link to the VOD?

Description

Time

  • Played on: March 16, 2026, 9:13 p.m.
  • Length: 57:31
Show
View Real Time Build Order
Export as new Build Order

Slick Zerg 

Build Orders:  

Get SALT Encoding   

  6  0:00  Ultralisk  
  6  0:06  Unknown x3  
  6  0:09  Unknown  
  6  0:11  Unknown x10  
  6  2:06  Unknown x2  
  6  2:54  Unknown x2  
  6  4:17  Unknown x2  
  6  4:20  Unknown x2  
  6  4:38  Unknown  
  6  5:27  Unknown x2  
  6  10:37  Unknown x2  
  6  11:45  Unknown x2  
  6  14:04  Unknown x2  
  6  19:32  Unknown  
  6  20:53  Unknown  
  6  20:54  Unknown  
  6  22:10  Unknown  
  6  24:44  Unknown  
  6  25:06  Unknown x2  
  6  26:24  Unknown x2  
  6  26:39  Unknown x2  
  6  27:00  Unknown  
  6  27:03  Unknown x2  
  6  27:07  Unknown  
  6  29:17  Unknown x2  
  6  29:28  Unknown x2  
  6  29:48  Unknown  
  6  29:50  Unknown x2  
  6  29:51  Unknown  
  6  32:24  Unknown  
  6  32:44  Unknown  
  6  33:24  Unknown  
  6  38:02  Unknown  
  6  38:18  Unknown  
  6  38:34  Unknown  
  6  38:36  Unknown  
  6  40:13  Unknown  
  6  40:15  Unknown  
  6  40:18  Unknown  
  6  42:03  Unknown  
  6  42:06  Unknown  
  6  42:09  Unknown  
  6  42:11  Unknown  
  6  42:57  Unknown  
  6  43:17  Unknown  
  6  43:21  Unknown  
  6  43:41  Unknown  
  6  43:57  Unknown  
  6  43:59  Unknown  
  6  44:20  Unknown x2  
  6  44:27  Unknown x2  
  6  44:36  Unknown  
  6  44:40  Unknown  
  6  44:42  Unknown x2  
  6  45:05  Unknown  
  6  45:18  Unknown  
  6  45:44  Unknown  
  6  45:49  Unknown  
  6  45:50  Unknown  
  6  45:53  Unknown x2  
  6  45:59  Unknown  
  6  46:03  Unknown x2  
  6  46:27  Unknown  
  6  49:22  Unknown  
  6  49:25  Unknown  
  6  49:29  Unknown  
  6  50:05  Unknown  
  6  50:45  Unknown  
  6  50:48  Unknown  
  6  51:35  Unknown  
  6  51:50  Unknown  
  6  54:44  Unknown x2  
  6  54:56  Unknown x2  
  6  55:02  Unknown x3  
  6  55:03  Unknown  
  6  56:02  Unknown  
  6  56:05  Unknown  
  6  56:14  Unknown  
  6  56:43  Unknown  
  6  57:16  Unknown  
  6  57:23  Unknown  
Show
View Real Time Build Order
Export as new Build Order

SneakyFish Zerg 

Build Orders:  

Get SALT Encoding   

  6  0:00  Baneling  
  6  0:05  Unknown  
  6  0:06  Unknown x3  
  6  0:11  Unknown x14  
  6  0:26  Unknown x2  
  6  1:17  Unknown x2  
  6  1:36  Unknown x3  
  6  1:43  Unknown x3  
  6  2:07  Unknown x2  
  6  3:25  Unknown x3  
  6  3:30  Unknown x3  
  6  4:36  Unknown x3  
  6  4:44  Unknown x3  
  6  4:52  Unknown x3  
  6  4:54  Unknown x3  
  6  5:15  Unknown  
  6  5:16  Unknown  
  6  5:28  Unknown x2  
  6  5:44  Unknown  
  6  5:48  Unknown x2  
  6  5:56  Unknown  
  6  5:57  Unknown x2  
  6  6:35  Unknown x3  
  6  7:10  Unknown x3  
  6  7:22  Unknown x3  
  6  7:47  Unknown  
  6  8:23  Unknown  
  6  8:47  Unknown  
  6  9:12  Unknown x3  
  6  9:14  Unknown x3  
  6  9:49  Unknown  
  6  10:28  Unknown x2  
  6  11:06  Unknown x2  
  6  11:39  Unknown x3  
  6  12:09  Unknown x3  
  6  12:16  Unknown x3  
  6  12:48  Unknown x3  
  6  12:55  Unknown  
  6  12:56  Unknown  
  6  12:58  Unknown x2  
  6  13:42  Unknown  
  6  13:46  Unknown  
  6  16:16  Unknown x3  
  6  17:20  Unknown x3  
  6  17:43  Unknown x3  
  6  17:52  Unknown x3  
  6  17:53  Unknown x3  
  6  18:37  Unknown x3  
  6  19:11  Unknown x3  
  6  19:33  Unknown x3  
  6  19:37  Unknown  
  6  20:53  Unknown x2  
  6  21:35  Unknown x3  
  6  21:39  Unknown x3  
  6  21:51  Unknown x3  
  6  21:52  Unknown  
  6  22:07  Unknown  
  6  22:11  Unknown x3  
  6  22:12  Unknown x3  
  6  22:43  Unknown  
  6  23:02  Unknown x3  
  6  23:08  Unknown x3  
  6  23:13  Unknown  
  6  23:18  Unknown  
  6  23:38  Unknown x3  
  6  23:40  Unknown x3  
  6  23:43  Unknown x3  
  6  24:10  Unknown  
  6  24:23  Unknown x3  
  6  24:25  Unknown x3  
  6  24:38  Unknown  
  6  24:56  Unknown  
  6  25:00  Unknown x3  
  6  25:04  Unknown x2  
  6  25:07  Unknown x2  
  6  25:10  Unknown  
  6  25:32  Unknown x3  
  6  26:48  Unknown x2  
  6  26:50  Unknown x3  
  6  28:02  Unknown  
  6  28:39  Unknown x3  
  6  28:53  Unknown  
  6  29:02  Unknown  
  6  29:05  Unknown  
  6  29:37  Unknown x3  
  6  30:08  Unknown x2  
  6  30:15  Unknown  
  6  30:16  Unknown  
  6  31:27  Unknown  
  6  33:18  Unknown x3  
  6  33:32  Unknown x3  
  6  33:35  Unknown x3  
  6  33:47  Unknown  
  6  34:17  Unknown  
  6  34:55  Unknown x3  
  6  35:55  Unknown  
  6  37:52  Unknown x3  
  6  38:03  Unknown x3  
  6  38:20  Unknown x3  
  6  38:35  Unknown x3  
  6  38:37  Unknown x3  
  6  38:46  Unknown  
  6  38:57  Unknown  
  6  39:19  Unknown x3  
  6  39:23  Unknown  
  6  39:29  Unknown x3  
  6  39:55  Unknown x3  
  6  40:04  Unknown  
  6  40:14  Unknown x3  
  6  40:16  Unknown x3  
  6  40:18  Unknown x3  
  6  40:53  Unknown x3  
  6  40:55  Unknown x3  
  6  42:04  Unknown x3  
  6  42:07  Unknown x3  
  6  42:10  Unknown x3  
  6  42:13  Unknown x3  
  6  42:26  Unknown  
  6  42:58  Unknown x3  
  6  43:18  Unknown x3  
  6  43:44  Unknown x3  
  6  43:45  Unknown x3  
  6  43:58  Unknown x3  
  6  44:17  Unknown x3  
  6  44:32  Unknown x2  
  6  44:33  Unknown x3  
  6  44:37  Unknown x3  
  6  45:02  Unknown x3  
  6  45:19  Unknown x3  
  6  45:44  Unknown x3  
  6  45:49  Unknown x3  
  6  46:19  Unknown x2  
  6  46:24  Unknown x3  
  6  46:26  Unknown x2  
  6  46:28  Unknown x3  
  6  47:00  Unknown x3  
  6  47:30  Unknown x3  
  6  47:59  Unknown  
  6  48:40  Unknown x3  
  6  48:51  Unknown x3  
  6  48:54  Unknown x3  
  6  48:57  Unknown x3  
  6  49:15  Unknown x3  
  6  49:22  Unknown x3  
  6  49:26  Unknown x3  
  6  49:29  Unknown  
  6  49:36  Unknown x3  
  6  50:12  Unknown x3  
  6  50:30  Unknown  
  6  50:45  Unknown x3  
  6  50:49  Unknown x3  
  6  51:03  Unknown x3  
  6  51:48  Unknown x3  
  6  51:51  Unknown x3  
  6  52:03  Unknown x3  
  6  52:11  Unknown x3  
  6  52:14  Unknown x3  
  6  52:24  Unknown x3  
  6  53:40  Unknown x2  
  6  53:45  Unknown x2  
  6  54:05  Unknown  
  6  54:33  Unknown x3  
  6  54:59  Unknown x3  
  6  55:07  Unknown x3  
  6  56:02  Unknown  
  6  56:06  Unknown x3  
  6  56:16  Unknown  
  6  56:38  Unknown  
  6  56:43  Unknown  
  6  56:56  Unknown  
  6  57:01  Unknown  
  6  57:16  Unknown  
  6  57:20  Unknown  
Show
View Real Time Build Order
Export as new Build Order

Viper Protoss 

Build Orders:  

Get SALT Encoding   

  6  0:00  Zergling  
  6  0:07  Unknown  
  6  0:08  Unknown  
  6  0:11  Unknown x8  
  6  1:30  Unknown  
  6  1:43  Unknown  
  6  1:47  Unknown  
  6  1:51  Unknown x2  
  6  2:20  Unknown x2  
  6  3:28  Unknown  
  6  3:29  Unknown x2  
  6  3:33  Unknown  
  6  4:13  Unknown x2  
  6  4:19  Unknown  
  6  4:50  Unknown  
  6  4:54  Unknown  
  6  5:02  Unknown  
  6  5:16  Unknown x2  
  6  5:31  Unknown x2  
  6  5:33  Unknown  
  6  5:40  Unknown  
  6  6:07  Unknown  
  6  6:34  Unknown  
  6  6:36  Unknown x3  
  6  6:59  Unknown  
  6  7:03  Unknown  
  6  7:21  Unknown  
  6  9:11  Unknown  
  6  10:35  Unknown x2  
  6  10:37  Unknown x2  
  6  10:40  Unknown  
  6  10:56  Unknown x2  
  6  10:59  Unknown  
  6  11:09  Unknown x3  
  6  11:37  Unknown  
  6  11:45  Unknown x2  
  6  11:46  Unknown x2  
  6  11:48  Unknown  
  6  12:07  Unknown x2  
  6  12:11  Unknown  
  6  12:13  Unknown x2  
  6  12:17  Unknown  
  6  12:47  Unknown  
  6  13:02  Unknown  
  6  13:36  Unknown x2  
  6  13:37  Centrifugal Hooks  
  6  14:47  Unknown  
  6  14:48  Unknown x5  
  6  15:22  Unknown  
  6  15:54  Unknown  
  6  17:04  Unknown  
  6  17:18  Unknown  
  6  17:42  Unknown  
  6  17:50  Unknown  
  6  17:51  Centrifugal Hooks x2  
  6  18:29  Unknown  
  6  18:59  Unknown  
  6  19:02  Unknown x10  
  6  19:32  Centrifugal Hooks  
  6  20:25  Centrifugal Hooks  
  6  20:43  Unknown x5  
  6  20:54  Unknown x2  
  6  20:59  Unknown x2  
  6  21:02  Unknown  
  6  21:33  Centrifugal Hooks  
  6  21:34  Unknown  
  6  21:36  Unknown x5  
  6  21:38  Unknown  
  6  21:48  Unknown  
  6  21:50  Unknown  
  6  22:44  Unknown x5  
  6  23:01  Unknown  
  6  23:03  Unknown  
  6  23:07  Unknown  
  6  23:35  Unknown  
  6  23:38  Unknown  
  6  24:17  Unknown  
  6  24:22  Unknown  
  6  24:23  Centrifugal Hooks x2  
  6  24:24  Unknown  
  6  24:56  Unknown  
  6  24:59  Unknown  
  6  25:04  Unknown x2  
  6  25:31  Unknown  
  6  25:34  Unknown x10  
  6  25:48  Unknown  
  6  26:16  Unknown x2  
  6  26:31  Unknown x2  
  6  26:53  Unknown  
  6  26:56  Unknown x2  
  6  26:58  Unknown  
  6  27:06  Unknown x2  
  6  27:09  Unknown  
  6  28:39  Unknown  
  6  29:35  Unknown  
  6  29:38  Unknown x2  
  6  32:20  Unknown  
  6  33:31  Centrifugal Hooks x2  
  6  33:32  Centrifugal Hooks x2  
  6  34:42  Unknown x10  
  6  34:43  Unknown x10  
  6  34:54  Unknown  
  6  35:07  Unknown  
  6  36:11  Unknown  
  6  36:44  Centrifugal Hooks  
  6  37:46  Unknown  
  6  37:51  Unknown  
  6  37:55  Unknown x5  
  6  38:12  Unknown  
  6  38:13  Unknown  
  6  39:16  Unknown  
  6  39:22  Unknown  
  6  39:41  Unknown  
  6  39:54  Unknown  
  6  40:41  Unknown  
  6  41:22  Unknown  
  6  41:34  Centrifugal Hooks x2  
  6  42:39  Unknown  
  6  42:45  Unknown x10  
  6  43:01  Unknown  
  6  43:39  Unknown  
  6  44:05  Centrifugal Hooks  
  6  44:10  Unknown  
  6  44:16  Unknown  
  6  44:20  Unknown x2  
  6  45:16  Unknown x5  
  6  45:44  Unknown  
  6  45:51  Unknown x2  
  6  47:00  Unknown  
  6  47:07  Unknown  
  6  47:56  Unknown  
  6  48:31  Unknown  
  6  48:36  Unknown  
  6  48:48  Unknown  
  6  48:50  Unknown  
  6  48:53  Unknown  
  6  48:56  Unknown  
  6  49:01  Unknown  
  6  49:36  Unknown  
  6  51:01  Unknown  
  6  51:16  Unknown x2  
  6  52:00  Unknown  
  6  52:11  Unknown  
  6  52:15  Unknown  
  6  52:23  Unknown  
  6  53:01  Unknown x2  
  6  54:20  Unknown  
  6  55:41  Unknown  
  6  56:02  Unknown  
  6  56:43  Unknown  
  6  57:16  Unknown x2  
Tags
 
Add a new tag
Caveats
  • Supply blocks, unpowered buildings, or Contaminate may cause inaccurate times.
  • Supply counts are checked every 10 seconds.